 Dungeon Crawl Stone Soup version 0.29-a0-194-g6e3aafee17 (webtiles) character file.

Game seed: 10079271892086111554

766 Sweetruy1997 the Skirmisher (level 7, -9/60 HPs)
             Began as a Gnoll Wanderer on Feb 20, 2022.
             Mangled by Sigmund
             ... wielding a +0 scythe
              (10 damage)
             ... on level 5 of the Dungeon on Feb 22, 2022.
             The game lasted 00:10:38 (3957 turns).

Sweetruy1997 the Skirmisher (Gnoll Wanderer)        Turns: 3957, Time: 00:10:39

Health: -9/60      AC:  3    Str: 15 (17) XL:     7   Next: 82%
Magic:  22/22      EV: 11    Int:  7 (10) God:
Gold:   206        SH:  9    Dex: 13 (15) Spells: 6/14 levels left

rFire   . . .      SeeInvis .   h - +2 war axe (flame)
rCold   . . .      Faith    .   y - +0 buckler
rNeg    . . .      Spirit   .   d - +0 leather armour
rPois   .          Reflect  +   (no helmet)
rElec   +          Harm     .   (no cloak)
rCorr   .          Rampage  .   (no gloves)
Will    .....                   (no boots)
Stlth   ++........              j - amulet of reflection
HPRegen 0.20/turn               m - ring of wizardry
MPRegen 0.18/turn               u - ring "Vask" {+Blink rElec MP+9 Str+6}

@: attractive, flying
A: fangs 1, strong nose, distributed training
a: Evoke Blink


You were on level 5 of the Dungeon.
You visited 1 branch of the dungeon, and saw 5 of its levels.

You collected 206 gold pieces.

Inventory:

Hand Weapons
 a - a +1 hand crossbow
 h - a +2 war axe of flaming (weapon)
Missiles
 b - 61 bolts
 c - 136 stones (quivered)
Armour
 d - a +0 leather armour (worn)
 y - a +0 buckler (worn)
Jewellery
 j - an amulet of reflection (around neck)
 m - a ring of wizardry (left hand)
 u - the ring "Vask" (right hand) {+Blink rElec MP+9 Str+6}
   (You found it on level 3 of the Dungeon)

   [ring of strength]

   Str:       It affects your strength (+6).
   rElec:     It insulates you from electricity.
   MP:        It affects your magic capacity (+9).
   +Blink:    It lets you blink.
Wands
 f - a wand of flame (14)
 t - a wand of digging (5)
Scrolls
 e - a scroll of amnesia
 g - a scroll of magic mapping {unknown}
 n - a scroll of enchant weapon {unknown}
 p - a scroll of noise {unknown}
 r - 2 scrolls of fear
 v - a scroll of immolation {unknown}
 x - a scroll of teleportation {unknown}
Potions
 k - 3 potions of brilliance
 q - a potion of flight
 s - a potion of haste {unknown}
 w - a potion of ambrosia {unknown}


   Skills:
 + Level 7.1 Fighting
 + Level 2.7 Short Blades
 + Level 2.7 Long Blades
 + Level 2.7 Axes
 + Level 2.7 Maces & Flails
 + Level 2.7 Polearms
 + Level 2.7 Staves
 + Level 2.7 Slings
 + Level 2.7 Bows
 + Level 3.8 Crossbows
 + Level 2.7 Throwing
 + Level 2.7 Armour
 + Level 2.7 Dodging
 + Level 3.6 Stealth
 + Level 2.7 Shields
 + Level 2.7 Unarmed Combat
 + Level 4.0 Spellcasting
 + Level 2.2 Conjurations
 + Level 2.2 Hexes
 + Level 2.2 Summonings
 + Level 2.2 Necromancy
 + Level 2.2 Translocations
 + Level 2.2 Transmutations
 + Level 2.2 Fire Magic
 + Level 2.2 Ice Magic
 + Level 2.2 Air Magic
 + Level 5.9 Earth Magic
 + Level 2.2 Poison Magic
 + Level 3.0 Invocations
 + Level 3.8 Evocations


You had 6 spell levels left.
You knew the following spells:

 Your Spells              Type           Power      Damage    Failure   Level
a - Sandblast             Erth           18%        2d7       1%          1
b - Passwall              Tmut/Erth      5%         N/A       6%          2
c - Petrify               Tmut/Erth      7%         N/A       34%         4
d - Pain                  Necr           16%        1d4       9%          1

Your spell library contained the following spells:

 Spells                   Type           Power      Damage    Failure   Level
 Animate Skeleton         Necr           8%         N/A       9%          1
 Vampiric Draining        Necr           4%         2d6       24%         3


Dungeon Overview and Level Annotations

Branches:
Dungeon (5/15)
 Temple: D:4-7

Altars:
Fedhas
Kikubaaqudgha
Nemelex Xobeh
Trog
Xom
Zin

Shops:
D:1 =

Annotations:
D:5 Sigmund


Innate Abilities, Weirdness & Mutations

You have very sharp teeth.
Your uncanny sense of smell can sniff out nearby items.
Your experience applies equally to all skills.


Message History

You feel very buoyant.
You fly up into the air.
Something hits you.
You feel less confused.
You hear some strange, mumbled words.
You are confused.
You hear some strange, mumbled words.
Something tries to affect you, but you resist.
Something hits you.
A magic dart appears from out of thin air!
The magic dart hits you.
* * * LOW HITPOINT WARNING * * *
Something hits you.
* * * LOW HITPOINT WARNING * * *
Level annotation: Sigmund Welcome back, Sweetruy1997 the Gnoll Wanderer.
Press ? for a list of commands and other information.
You start resting.
You feel less confused. Something hits you!
* * * LOW HITPOINT WARNING * * *
Deactivating autopickup; reactivate with Ctrl-A.
You feel much better.
You hear some strange, mumbled words.
A puff of flame appears from out of thin air!
The puff of flame hits you. Something hits you.
* * * LOW HITPOINT WARNING * * *
You closely miss something. Your bite misses something. Something hits you!
* * * LOW HITPOINT WARNING * * *
You barely miss something. Something hits you!
* * * LOW HITPOINT WARNING * * *
You hit something. You burn something. You bite something.
It was a potion of attraction.
You feel attractive to monsters. You block something's attack.
It was a potion of degeneration.
There was something very wrong with that liquid.
You feel weakened.
You feel dopey.
You feel clumsy. Something hits you!
You die...

........(..........#.#
........(...(........# #
.....................#.#
..........(..(.........#
.......................#
...................#(..#
..................<#...#
.......[...{..(....#.#.#
...........@...........#
.......(.........)[##..##
....................[...#
...................##...#
...................###..#
...................#
#..##
...................#
##..# .................#
#..# ...............#
##.##


There were no monsters in sight!

Vanquished Creatures
  An ogre (D:4)
  A centaur (D:5)
  A phantom (D:5)
  2 scorpions
  A water moccasin zombie (D:5)
  2 hounds
  An orc priest (D:4)
  2 bullfrog skeletons
  4 orc wizards
  A hound skeleton (D:4)
  An adder (D:3)
  2 ufetubi
  A worm (D:2)
  An adder skeleton (D:2)
  2 dart slugs
  8 orcs
  8 endoplasms
  A giant cockroach (D:2)
  9 goblins
  5 hobgoblins
  3 jackals (D:1)
  4 quokkas
  7 ball pythons
  A bat (D:3)
  2 frilled lizards
  4 kobolds
  5 rats
80 creatures vanquished.

Notes
Turn   | Place    | Note
-------+----------+-------------------------------------------
     0 | D:1      | Sweetruy1997 the Gnoll Wanderer began the quest for the
                  | Orb.
     0 | D:1      | Sweetruy1997 set off with the following items: a +1 hand
                  | crossbow, 23 bolts, 36 stones, a +0 leather armour; and the
                  | following spell memorised: Sandblast; and the following
                  | spells available to memorise: Passwall, Petrify
     0 | D:1      | Reached XP level 1. HP: 23/23 MP: 4/4
   165 | D:1      | Reached XP level 2. HP: 17/29 MP: 5/5
   486 | D:1      | Found Ecvesh's Jewellery Boutique.
   621 | D:1      | Found a faded altar of an unknown god.
   878 | D:1      | Learned a level 2 spell: Passwall
  1038 | D:2      | Reached XP level 3. HP: 35/35 MP: 7/7
  1268 | D:2      | Reached skill level 1 in Invocations
  2048 | D:3      | Reached skill level 1 in Short Blades
  2048 | D:3      | Reached skill level 1 in Long Blades
  2048 | D:3      | Reached skill level 1 in Axes
  2048 | D:3      | Reached skill level 1 in Maces & Flails
  2048 | D:3      | Reached skill level 1 in Polearms
  2048 | D:3      | Reached skill level 1 in Staves
  2048 | D:3      | Reached skill level 1 in Slings
  2048 | D:3      | Reached skill level 1 in Bows
  2048 | D:3      | Reached skill level 1 in Throwing
  2048 | D:3      | Reached skill level 1 in Armour
  2048 | D:3      | Reached skill level 1 in Dodging
  2048 | D:3      | Reached skill level 1 in Shields
  2048 | D:3      | Reached skill level 1 in Unarmed Combat
  2052 | D:3      | Reached XP level 4. HP: 41/41 MP: 8/8
  2096 | D:3      | Learned a level 4 spell: Petrify
  2199 | D:3      | Identified the ring "Vask" {+Blink rElec MP+9 Str+6}
  2240 | D:3      | Reached skill level 1 in Conjurations
  2240 | D:3      | Reached skill level 1 in Hexes
  2240 | D:3      | Reached skill level 1 in Summonings
  2240 | D:3      | Reached skill level 1 in Necromancy
  2240 | D:3      | Reached skill level 1 in Translocations
  2240 | D:3      | Reached skill level 1 in Transmutations
  2240 | D:3      | Reached skill level 1 in Fire Magic
  2240 | D:3      | Reached skill level 1 in Ice Magic
  2240 | D:3      | Reached skill level 1 in Air Magic
  2240 | D:3      | Reached skill level 1 in Poison Magic
  2321 | D:3      | Found a shimmering altar of Xom.
  2329 | D:3      | Found a sparkling altar of Nemelex Xobeh.
  2329 | D:3      | Found a bloodstained altar of Trog.
  2330 | D:3      | Found a glowing silver altar of Zin.
  2787 | D:4      | Reached XP level 5. HP: 46/47 MP: 9/9
  2904 | D:4      | Noticed an ogre
  2907 | D:4      | Killed an ogre
  2937 | D:4      | Reached XP level 6. HP: 53/53 MP: 10/10
  2983 | D:4      | Learned a level 1 spell: Pain
  3349 | D:4      | Found an ancient bone altar of Kikubaaqudgha.
  3414 | D:4      | Found a blossoming altar of Fedhas.
  3564 | D:5      | Entered Level 5 of the Dungeon
  3612 | D:5      | Reached skill level 7 in Fighting
  3612 | D:5      | Reached XP level 7. HP: 60/60 MP: 12/12
  3819 | D:5      | Noticed Sigmund
  3950 | D:5      | Upgraded the game from 0.29-a0-119-g4040846114 to
                  | 0.29-a0-194-g6e3aafee17
  3950 | D:5      | HP: 2/60 [something (8)]
  3957 | D:5      | Mangled by Sigmund

Illustrated notes

Levels and vault maps discovered:
D:1:      tarquinn_simple_flora_water_c, layout_basic, basic_ecumenical_altar,
          serial_shops, nicolae_shop_behind_doors, item_on_display_a
D:2:      layout_basic
D:3:      layout_loops_ring, minitemple
D:4:      layout_basic, grunt_temple_overflow_growth_and_decay
D:5:      layout_basic, uniq_sigmund, uniq_pikel

Skill      XL: |  1  2  3  4  5  6  7 |
---------------+----------------------+-----
Invocations    | 1 2 3 |  3.0
Short Blades   | 1 2 |  2.7
Long Blades    | 1 2 |  2.7
Axes           | 1 2 |  2.7
Maces & Flails | 1 2 |  2.7
Polearms       | 1 2 |  2.7
Staves         | 1 2 |  2.7
Slings         | 1 2 |  2.7
Bows           | 1 2 |  2.7
Throwing       | 1 2 |  2.7
Armour         | 1 2 |  2.7
Dodging        | 1 2 |  2.7
Shields        | 1 2 |  2.7
Unarmed Combat | 1 2 |  2.7
Spellcasting   | 3 4 |  4.0
Conjurations   | 1 2 |  2.2
Hexes          | 1 2 |  2.2
Summonings     | 1 2 |  2.2
Necromancy     | 1 2 |  2.2
Translocations | 1 2 |  2.2
Transmutations | 1 2 |  2.2
Fire Magic     | 1 2 |  2.2
Ice Magic      | 1 2 |  2.2
Air Magic      | 1 2 |  2.2
Poison Magic   | 1 2 |  2.2
Crossbows      | 3 |  3.8
Evocations     | 3 |  3.8
Stealth        | 3 |  3.6
Fighting       | 7 |  7.1
Earth Magic    | |  5.9

Action                   |  1- 3 |  4- 6 |  7- 9 || total
-------------------------+-------+-------+-------++-------
Melee: War axe           |       |       |    11 ||    11
       Bite              |       |       |     2 ||     2
 Fire: Hand crossbow     |    81 |    63 |    23 ||   167
 Cast: Sandblast         |     8 |    28 |    13 ||    49
       Pain              |       |       |     2 ||     2
  Use: Scroll            |     3 |       |       ||     3
       Potion            |       |       |     5 ||     5
Armor: Leather armour    |     6 |     4 |     2 ||    12
Dodge: Dodged            |     7 |     6 |     4 ||    17
Block: Kite shield       |    15 |    21 |       ||    36
       Tower shield      |       |     1 |    19 ||    20
       Reflection        |       |     1 |       ||     1
       Buckler           |       |       |     4 ||     4

Table legend: (Time is in decaauts)
 A = Elapsed time spent in this place.
 B = Non-inter-level travel time spent in this place.
 C = Inter-level travel time spent in this place.
 D = Time resting spent in this place.
 E = Time spent auto-exploring this place.
 F = Levels seen in this place.
 G = Mean time per level.
                   A        B        C        D        E       F      G
               +--------+--------+--------+--------+--------+-----+--------+
         Total |   4055 |   3933 |    122 |      0 |   3264 |   5 |  811.0 |
       Dungeon |   4055 |   3933 |    122 |      0 |   3264 |   5 |  811.0 |
               +--------+--------+--------+--------+--------+-----+--------+

Top non-repeatable levels by time:
     D:2: 1086 daAuts
     D:1: 956 daAuts
     D:4: 845 daAuts
     D:3: 792 daAuts
     D:5: 373 daAuts
